 Dungeon Crawl Stone Soup version 0.21-a0-228-g14ccbf3 (webtiles) character file.

67 Gorglomux the Firebug (level 4, 18/18 HPs)
             Began as a Felid Fire Elementalist on Aug 31, 2017.
             Quit the game on level 2 of the Dungeon.
             The game lasted 00:05:43 (2245 turns).

Gorglomux the Firebug (Felid Fire Elementalist)     Turns: 2245, Time: 00:05:43

Health: 18/18      AC:  1    Str: -1    XL:     4   Next: 0%
Magic:  6/9        EV: 18    Int: 17    God:
Gold:   55         SH:  0    Dex: 16    Spells: 1/9 levels left
                                        Lives:  0   Deaths: 1

rFire    . . .     SeeInvis +   (weapon unavailable)
rCold    . . .     Gourm    .   (shield unavailable)
rNeg     . . .     Faith    .   (armour unavailable)
rPois    .         Spirit   .   (helmet unavailable)
rElec    .         Reflect  .   (cloak unavailable)
rCorr    .         Harm     .   (gloves unavailable)
MR       .....                  (boots unavailable)
Stlth    +++.......             (no amulet)
HPRegen  0.06/turn              M - -5 ring of strength (curse)
MPRegen  0.11/turn              s - ring of see invisible

@: quick
A: no armour, no weapons or thrown items, stealth, claws 1, fangs 3, see
invisible, carnivore 3, speed 1, shaggy fur 1, slow metabolism 1, sharp paws
a: no special abilities


You were on level 2 of the Dungeon.
You were not hungry.

You visited 1 branch of the dungeon, and saw 3 of its levels.

You collected 55 gold pieces.

Inventory:

Jewellery
 s - a ring of see invisible (right paw)
 M - a cursed -5 ring of strength (left paw)
Scrolls
 R - 4 scrolls of identify
 T - 3 scrolls of teleportation
Potions
 C - a potion of brilliance {unknown}
 H - 2 potions of flight
 I - 2 potions of mutation {unknown}
Books
 a - a book of Flames

   Spells                             Type                      Level
   a - Flame Tongue                   Conjuration/Fire             1
   b - Throw Flame                    Conjuration/Fire             2
   c - Conjure Flame                  Conjuration/Fire             3
   d - Inner Flame                    Hexes/Fire                   3
   e - Sticky Flame                   Conjuration/Fire             4
   f - Fireball                       Conjuration/Fire             5
Comestibles
 z - 3 meat rations
 G - a royal jelly


   Skills:
 - Level 2.6 Dodging
 - Level 2.6 Stealth
 + Level 3.0 Spellcasting
 + Level 2.4 Conjurations
 + Level 3.6 Fire Magic


You had one spell level left.
You knew the following spells:

 Your Spells              Type           Power        Failure   Level  Hunger
a - Flame Tongue          Conj/Fire      ##...        4%          1    None
b - Sticky Flame          Conj/Fire      ##......     45%         4    ####...
j - Conjure Flame         Conj/Fire      ##......     16%         3    ###....


Dungeon Overview and Level Annotations

Branches:
Dungeon (3/15)

Altars:
Nemelex Xobeh
Zin

Annotations:
D:3 Robin


Innate Abilities, Weirdness & Mutations

You cannot wear armour.
You are incapable of wielding weapons or throwing items.
Your paws allow you to move quietly. (Stealth)
You have sharp claws.
You have razor-sharp teeth.
You have supernaturally acute eyesight. (SInv)
You are carnivorous and can eat meat at any time.
You cover ground quickly.
You are covered in fur. (AC +1)
You have a slow metabolism.
Your sharp claws are effective at attacking unaware monsters.


Message History

Unknown command!
Ijyb butts too close now for your liking!
Unknown butt!
Casting: Flame Tongue
Confirm with ! or Enter, or press ? or * to list all spells!
Aiming: Flame Tongue
Press: ? - help, Shift-Dir - straight line, f/butt - Ijyb
Aim: Ijyb, wielding a +3 club, wearing a ring mail and carrying a wand of flame (?/48) {zapped: 1} (severely wounded)
The flame tongue hits Ijyb!
Ijyb is almost dead!
Casting: Flame Tongue
Confirm with ! or Enter, or press ? or * to list all spells!
Aiming: Flame Tongue Butts: ? - help, Shift-Dir - straight line, f/p - Ijyb
Aim: Ijyb, wielding a +3 club, wearing a ring mail and carrying a butt of flame (?/48) {zapped: 1} (almost dead)
The flame tongue hits Ijyb!
You annihilate Ijyb!!!
Your Spellcasting skill increases to level 3!!!
Welcome back to level 4!!!
Are you butt you want to abandon this character and quit the game? (Confirm with "yes"!)

....##...(.##....#
..<.##......#.##.##########
....##......#.#...>.......#
....###.#'#.#.#..########.#
...[........#........# #.#
.........<_.#........# #.#
.......[..#.#........# #.#
.....)...††>.........# #.#######
###....#####)...@....# #........
####'''########....[.############
####...########...............###
§..#...#§§§§§################.#..
§.§#.⌠.#§§§§§##.#############.#..
.§§#...#§§§§§##..................
..§#...#§§§§.##..###########.####
§§§#...#.§.§.##......# #.#<..
####...########..###.# #.#...


There were no monsters in sight!

Vanquished Creatures
  Ijyb (D:2)
  5 adders (D:2)
  A worm (D:2)
  2 dart slugs
  A leopard gecko (D:2)
  2 giant cockroaches
  5 goblins
  4 hobgoblins
  3 kobolds
  A quokka (D:2)
  3 ball pythons
  7 bats
  4 frilled lizards (D:1)
  4 rats
43 creatures vanquished.

Vanquished Creatures (others)
  A kobold (D:2)
  A rat (D:2)
2 creatures vanquished.

Grand Total: 45 creatures vanquished

Notes
Turn   | Place    | Note
-------+----------+-------------------------------------------
     0 | D:1      | Gorglomux the Felid Fire Elementalist began the quest for the Orb.
     0 | D:1      | Reached XP level 1. HP: 7/7 MP: 4/4
   114 | D:1      | Reached skill level 1 in Conjurations
   376 | D:1      | Reached XP level 2. HP: 11/11 MP: 3/6
   377 | D:1      | Reached skill level 3 in Fire Magic
  1256 | D:2      | Found a glowing silver altar of Zin.
  1288 | D:2      | Reached XP level 3. HP: 9/14 MP: 2/7
  1541 | D:2      | Learned a level 3 spell: Conjure Flame
  1541 | D:2      | Lost strength.
  1854 | D:2      | Reached XP level 4. HP: 17/18 MP: 4/9
  1908 | D:2      | Learned a level 4 spell: Sticky Flame
  1959 | D:2      | Found a sparkling altar of Nemelex Xobeh.
  2226 | D:3      | Noticed Ijyb
  2229 | D:3      | Noticed Robin
  2238 | D:2      | Slain by Ijyb
  2239 | D:2      | Reached XP level 3. HP: 0/14 MP: 4/8
  2242 | D:2      | Killed Ijyb
  2242 | D:2      | Reached skill level 3 in Spellcasting
  2242 | D:2      | Reached XP level 4. HP: 18/18 MP: 6/9
  2245 | D:2      | Quit the game

Vault maps used:
D:1:      lightli_arrival_statuegarden
D:2:      overflow_temple_1_default, nemelex_altar_shiori
D:3:      lemuel_coloured_pillars_altar, dancing_weapons_uskayaw,
          yredelemnul_forgotten_temple_becter, nicolae_overflow_hidden_temple,
          lemuel_crystal_altar, gammafunk_temple_overflow_wave, first_bread,
          st_stairs_6, nicolae_underground_beach, uniq_natasha, uniq_ijyb,
          uniq_robin

Skill      XL: |  1  2  3 |
---------------+----------+-----
Conjurations   | 1 2 |  2.4
Fire Magic     | 3 |  3.6
Spellcasting   | 3 |  3.0
Dodging        | |  2.6
Stealth        | |  2.6

Action                   |  1- 3 |  4- 6 || total
-------------------------+-------+-------++-------
Melee: Unarmed           |    10 |       ||    10
       Bite              |     1 |       ||     1
 Cast: Flame Tongue      |    65 |    21 ||    86
       Conjure Flame     |     1 |     1 ||     2
  Use: Scroll            |     5 |       ||     5
  Eat: Chunk             |    10 |     1 ||    11
Armor: Skin              |     4 |     2 ||     6
Dodge: Dodged            |    35 |    10 ||    45

Table legend:
 A = Spawn XP
 B = Non-spawn XP
 C = Spawn XP percentage of total XP
 D = Spawn monster count
 E = Non-spawn monster count
 F = Spawn count percentage of total count
 G = Total turns spent on level
                    A         B        C        D         E        F      G
               +---------+---------+-------+---------+---------+-------+---------
         Total |      21 |     148 |  12.4 |       6 |      37 |  14.0 |  2245
               +---------+---------+-------+---------+---------+-------+---------
           D:1 |       2 |      28 |   6.7 |       2 |      16 |  11.1 |  1126
           D:2 |      19 |     119 |  13.8 |       4 |      20 |  16.7 |  1113
           D:3 |       0 |       1 |   0.0 |       0 |       1 |   0.0 |     6
               +---------+---------+-------+---------+---------+-------+---------
